[Event "NJSK 2024 B"]
[Site "Groningen, Netherlands"]
[Date "2024.04.30"]
[Round "4.2"]
[White "Kazarjan, Gachatur"]
[Black "Smeets, Kobe"]
[Result "0-1"]
[TimeControl "90min/40moves + 30min + 30sec/move"]
[WhiteElo "2203"]
[BlackElo "2274"]

1. e4 c5 2. Nf3 e6 3. d4 cxd4 4. Nxd4 Nc6 5. Nc3 Qc7 6. Be2 Nf6 7. Be3 Be7 8. O-O O-O 9. f4 d6 10.
Qe1 Nxd4 11. Bxd4 a6 12. Qg3 b5 13. a3 Bb7 14. Rae1 Rad8 15. Kh1 Rd7 16. Bd3 Re8 17. e5 dxe5 18.
Bxe5 Qd8 19. Ne4 Nh5 20. Qg4 g6 21. f5 exf5 22. Rxf5 Ng7 23. Bxg7 Kxg7 24. Ref1 Bd5 25. Qg3 Bh4 26.
Qg4 Bxe4 27. Bxe4 Rxe4 28. Qxe4 gxf5 29. Qxf5 Bf6 30. Qg4+ Kh8 31. h3 Rd5 32. Re1 Rg5 0-1

[Event "NJSK 2024 B"]
[Site "Groningen, Netherlands"]
[Date "2024.04.30"]
[Round "4.3"]
[White "Madularea, David"]
[Black "Van Arendonk, Polle"]
[Result "1/2-1/2"]
[TimeControl "90min/40moves + 30min + 30sec/move"]
[WhiteElo "2022"]
[BlackElo "1914"]

1. Nf3 d5 2. e3 Bf5 3. c4 e6 4. cxd5 exd5 5. Qb3 Bc8 6. Nc3 Nf6 7. d4 c6 8. Bd3 Nbd7 9. O-O Bd6 10.
Nd2 O-O 11. Re1 Bxh2+ 12. Kxh2 Ng4+ 13. Kg1 Qh4 14. Nd1 Qh2+ 15. Kf1 Qh1+ 16. Ke2 Qxg2 17. Nf3 Ndf6 18. Rg1 Qh3 19. Qb4 Qh5 20.
Qd6 g5 21. Ke1 Ne4 22. Bxe4 dxe4 23. Ne5 Qh2 24. Rg3 Qh1+ 25. Kd2 Nxe5 26. Qxe5 f6 27. Qd6 h5 28. Rxg5+ fxg5 29. Qg6+ Kh8 30.
Qh6+ Kg8 31. Qg6+ Kh8 32. Qh6+ Kg8 33. Qg6+ 1/2-1/2

[Event "NJSK 2024 B"]
[Site "Groningen, Netherlands"]
[Date "2024.04.30"]
[Round "4.4"]
[White "Wink, Luka"]
[Black "Fallaux, Storm"]
[Result "1-0"]
[TimeControl "90min/40moves + 30min + 30sec/move"]
[WhiteElo "2082"]
[BlackElo "1905"]

1. e4 c5 2. Nf3 d6 3. d4 cxd4 4. Nxd4 Nf6 5. Nc3 g6 6. Be3 Nc6 7. f3 h5 8. Bc4 Qb6 9. Qd2 Bh6 10.
Bxh6 Nxd4 11. Bg7 Rh7 12. Bxf6 exf6 13. Na4 Nxc2+ 14. Qxc2 Qb4+ 15. Kd1 b5 16. Bd5 Rb8 17. Nc3 Bd7 18.
a3 Qc5 19. b4 Qb6 20. Ke2 f5 21. Rhe1 Rc8 22. Qd3 fxe4 23. Nxe4 Bf5 24. Kf1 Kf8 25. Rac1 Rxc1 26. Rxc1 f6 27.
Rc6 Qb8 28. Qc3 1-0

[Event "NJSK 2024 B"]
[Site "Groningen, Netherlands"]
[Date "2024.04.30"]
[Round "4.5"]
[White "Zhu, Chenwu"]
[Black "Roolvink, William"]
[Result "1/2-1/2"]
[TimeControl "90min/40moves + 30min + 30sec/move"]
[WhiteElo "2020"]
[BlackElo "1966"]

1. e4 c6 2. d4 d5 3. Nc3 dxe4 4. Nxe4 Nf6 5. Nxf6+ exf6 6. c3 Bd6 7. Bd3 O-O 8. Qc2 Re8+ 9.
Ne2 g6 10. O-O f5 11. Re1 Nd7 12. g3 Bf8 13. b3 Bg7 14. Bb2 Nf8 15. Rad1 Ne6 16. Bc1 Ng5 17. Bxg5 Qxg5 18. Nf4 Bd7 19.
Bf1 Qf6 20. Bg2 Bh6 21. Nd3 f4 22. Ne5 Bf5 23. Be4 Bxe4 24. Rxe4 fxg3 25. fxg3 Qd6 26. Rde1 Bg7 27. Nc4 Qd7 28. Qe2 Rxe4 29. Qxe4 Bf8 30. Ne5 Qd6 31. Nd3 Qd7 32. Qe3 Rd8 33.
Nf2 Bg7 34. Qe7 Bf8 35. Qh4 Re8 36. Rxe8 Qxe8 37. Qe4 Qxe4 38. Nxe4 Be7 39. Kf2 f5 40. Nd2 Bd6 41. a4 Kf7 42.
b4 Ke6 43. b5 c5 44. Ke3 cxd4+ 45. Kxd4 Be5+ 46. Kd3 g5 47. Nc4 Bc7 48. a5 b6 49. axb6 axb6 50. Nd2 g4 51. c4 Bd6 52.
Nb3 f4 53. gxf4 Bxf4 54. c5 bxc5 55.
Nxc5+ Kf5 56. h3 gxh3 57. Ne4 h2 58. Nf2 h5 59. Ke2 h4 60. Kf3 h3 61. b6 Bb8 62. Ke3 Bg3 63. Nh1 Kg4 64.
Nxg3 Kxg3 65. b7 h1=Q 66. b8=Q Kg2 67. Qb7+ Kg1 68. Qxh1+ Kxh1 69. Kf2 h2 1/2-1/2

[Event "NJSK 2024 B"]
[Site "Groningen, Netherlands"]
[Date "2024.04.30"]
[Round "4.6"]
[White "Kumar, Prajit Sai"]
[Black "Kshirsagar, Pranav"]
[Result "1-0"]
[TimeControl "90min/40moves + 30min + 30sec/move"]
[WhiteElo "2211"]
[BlackElo "1957"]

1. e4 c6 2. Nf3 d5 3. Nc3 dxe4 4.
Nxe4 Nf6 5. Qe2 Nxe4 6. Qxe4 Nd7 7. d4 Nf6 8. Qd3 e6 9. Be2 Bd6 10. O-O h6 11. c4 O-O 12. h3 Qc7 13.
Be3 b6 14. Rac1 Rd8 15. Rfd1 Bb7 16. a3 c5 17. Qc3 Ne4 18. Qe1 Bf4 19. Bf1 Rac8 20. b4 Bxe3 21. Qxe3 a5 22. bxc5 bxc5 23.
Rb1 Nd6 24. dxc5 Nf5 25. Rxd8+ Qxd8 26. Qc3 Be4 27. Re1 Bxf3 28. Qxf3 Rxc5 29. Rd1 Qc7 30. Qa8+ Kh7 31. Rd8 Qc6 32.
Rh8+ Kg6 33. Qb8 Qc7 34. Qb1 Kf6 35. Rg8 Qf4 36. Qd1 Qd6 37. Qf3 Qc6 38. Qc3+ e5 39. Rd8 g5 40. Qd3 Nd4 41.
Rh8 Ke7 42. Qb1 Qf6 43. Qb8 Ne6 44. g3 Qg7 45. Bd3 Rc7 46. Re8+ Kd6 47. Be4 f6 48. Qb6+ 1-0

[Event "NJSK 2024 B"]
[Site "Groningen, Netherlands"]
[Date "2024.04.30"]
[Round "4.7"]
[White "Ponomarev, Ivan"]
[Black "Krylov, Philippe"]
[Result "0-1"]
[TimeControl "90min/40moves + 30min + 30sec/move"]
[WhiteElo "1924"]
[BlackElo "2007"]

1. c4 e6 2. d4 Nf6 3. Nf3 b6 4.
g3 Bb7 5. Bg2 Bb4+ 6. Bd2 Bxd2+ 7. Nbxd2 O-O 8. O-O d6 9. Qc2 c5 10. e4 cxd4 11. Nxd4 a6 12. Rad1 Nbd7 13. Rfe1 Qc7 14.
b3 Rac8 15. Qb1 Rfd8 16. h3 Qc5 17. N4f3 Ba8 18. Nh2 h6 19. Nhf1 Qc7 20. Ne3 Nc5 21. Kh2 Bc6 22. b4 Ncd7 23.
b5 Bb7 24. Nb3 a5 25. f4 Ba8 26. Rc1 Nc5 27. Nxc5 Qxc5 28. Qd3 Qc7 29. Ng4 Nd7 30. Red1 Nc5 31. Qe3 Qb7 32. Nf2 Rc7 33.
Bh1 Qc8 34. Nd3 Rcd7 35. Nxc5 dxc5 36. Qe2 Rd4 37. Rxd4 Rxd4 38. Rd1 Qd8 39. Rxd4 Qxd4 40. e5 Bxh1 41. Kxh1 a4 42. Kg2 a3 43.
Kf3 Qc3+ 44. Kf2 Qb2 45. Kf3 Qd4 46. Kg2 g6 47. h4 Kg7 48. Kf3 Qc3+ 49. Kf2 Qb2 50. Kf3 Qd4 51. Kg2 Qb2 52.
Kf2 Qc3 53. Kg2 Qd4 54. Kf3 g5 55. hxg5 hxg5 56. Kg4 Qb2 57. Kf3 g4+ 58. Kf2 Kg6 59. Kf1 Qb1+ 60. Kf2 Kf5 61. Qe3 Qxa2+ 62. Kg1 Qb1+ 63. Kh2 a2 64. Qe2 a1=Q 65. Qe4+ Kxe4 0-1

[Event "NJSK 2024 B"]
[Site "Groningen, Netherlands"]
[Date "2024.04.30"]
[Round "4.8"]
[White "Lopes, Samuel"]
[Black "Heus, Daan"]
[Result "0-1"]
[TimeControl "90min/40moves + 30min + 30sec/move"]
[WhiteElo "1906"]
[BlackElo "1921"]

1. e4 e5 2. Nf3 Nc6 3. Bc4 Bc5 4. d3 Nf6 5. Nc3 h6 6. a3 a5 7. h3 d6 8. Nd5 Be6 9. Nxf6+ Qxf6 10.
Bb5 O-O 11. Bxc6 bxc6 12. g4 g5 13. Rg1 Qg7 14. b3 d5 15. Qe2 f6 16. Be3 Qe7 17. Bc1 Rab8 18. Nh2 Bd4 19. Rb1 Bc3+ 20.
Kf1 a4 21. Rg3 d4 22. Qd1 Qf7 23. b4 Ba2 24. Rb2 c5 25. Qf3 Bxb2 26. Bxb2 cxb4 27. axb4 Rxb4 28. Ba3 Rb1+ 29. Kg2 Rc8 30. h4 Be6 31. Rh3 Kg7 32. hxg5 hxg5 33. Nf1 Rh8 34. Rxh8 Kxh8 35. Qh3+ Qh7 36.
Qf3 Qg6 37. Ng3 Kg7 38. Bc5 Ra1 39. Be7 Kf7 40. Bd8 a3 41. Bxc7 Ke7 42. Nh5 a2 43. Nxf6 Rb1 44. Bxe5 a1=Q 45.
Bh2 Qxf6 46. Qh3 Rh1 47. Qh7+ Bf7 48. Bd6+ Qxd6 49. Qxh1 Qxh1+ 50. Kxh1 Qf4 51. e5 Bd5+ 52. Kg1 Qxg4+ 53. Kf1 Qd1# 0-1

[Event "NJSK 2024 B"]
[Site "Groningen, Netherlands"]
[Date "2024.05.01"]
[Round "5.1"]
[White "Smeets, Kobe"]
[Black "Arnold, Rhys"]
[Result "1-0"]
[TimeControl "90min/40moves + 30min + 30sec/move"]
[WhiteElo "2274"]
[BlackElo "2185"]

1. e4 e5 2. Nf3 Nc6 3. Bb5 a6 4.
Ba4 Nf6 5. O-O Be7 6. Re1 b5 7. Bb3 d6 8. a4 Bd7 9. c3 O-O 10. d4 h6 11. Nbd2 exd4 12. cxd4 Nb4 13. Nf1 d5 14.
e5 Ne4 15. Ng3 Nxg3 16. hxg3 Bg4 17. Be3 Qd7 18. Qd2 Bf5 19. Rec1 Nd3 20. Rd1 Nb4 21. Rdc1 Nd3 22. Rc3 Nb4 23.
Bf4 Rfc8 24. Qd1 Qd8 25. Be3 Bh7 26. g4 c6 27. Qd2 Qf8 28. Ne1 f5 29. g5 hxg5 30. Bxg5 Qd8 31. Bxe7 Qxe7 32.
Rh3 Rab8 33. Nf3 f4 34. Qxf4 Rf8 35. Qg3 Bf5 36. Rh5 bxa4 37. Bxa4 g6 38. Rxf5 Rxf5 39. Qxg6+ Qg7 40. Qxf5 Rf8 41.
Qe6+ Kh8 42. Ra3 1-0

[Event "NJSK 2024 B"]
[Site "Groningen, Netherlands"]
[Date "2024.05.01"]
[Round "5.2"]
[White "Van Batenburg, Mees"]
[Black "Van Arendonk, Polle"]
[Result "1-0"]
[TimeControl "90min/40moves + 30min + 30sec/move"]
[WhiteElo "2110"]
[BlackElo "1914"]

1. d4 d5 2. Bf4 Nf6 3. e3 c6 4. Nc3 Bf5 5. f3 h5 6. Bd3 Bxd3 7. Qxd3 e6 8. Nge2 Nbd7 9. O-O h4 10.
e4 Nh5 11. Rfe1 Nxf4 12. Nxf4 Qf6 13. Nxe6 fxe6 14. exd5 O-O-O 15. Rxe6 Qf7 16. Rae1 cxd5 17. Nb5 Kb8 18. Qc3 Rc8 19.
Qxc8+ Kxc8 20. Re8+ Qxe8 21. Rxe8# 1-0

[Event "NJSK 2024 B"]
[Site "Groningen, Netherlands"]
[Date "2024.05.01"]
[Round "5.3"]
[White "Wink, Luka"]
[Black "Madularea, David"]
[Result "0-1"]
[TimeControl "90min/40moves + 30min + 30sec/move"]
[WhiteElo "2082"]
[BlackElo "2022"]

1. e4 c5 2. Nf3 d6 3. d4 cxd4 4. Nxd4 Nf6 5. Nc3 a6 6. h3 e5 7. Nf3 Be7 8. g4 b5 9. g5 Nfd7 10.
Be3 Nb6 11. Nd5 N8d7 12. c3 Bb7 13. Nxb6 Nxb6 14. Qc2 Rc8 15. h4 Nc4 16. Bxc4 Rxc4 17. Nd2 Rc8 18. O-O-O O-O 19. Qb3 d5 20.
Nf3 Qa5 21. Nxe5 b4 22. Nd7 d4 23. Rxd4 Rfd8 24. Rhd1 bxc3 25. Ra4 Qc7 26. Bb6 Qh2 27. Be3 c2 28. Qxb7 cxd1=Q+ 29.
Kxd1 Rc7 0-1

[Event "NJSK 2024 B"]
[Site "Groningen, Netherlands"]
[Date "2024.05.01"]
[Round "5.4"]
[White "Zhu, Chenwu"]
[Black "Kumar, Prajit Sai"]
[Result "1-0"]
[TimeControl "90min/40moves + 30min + 30sec/move"]
[WhiteElo "2020"]
[BlackElo "2211"]

1. e4 c6 2. d4 d5 3. Nc3 dxe4 4. Nxe4 Nf6 5. Nxf6+ exf6 6. c3 Bd6 7. Bd3 O-O 8. Ne2 Re8 9.
O-O g6 10. b3 Nd7 11. Bf4 Nf8 12. Bxd6 Qxd6 13. Qd2 Be6 14. Rfe1 f5 15. Nf4 Rad8 16. Rad1 Re7 17. Bf1 Red7 18.
Qe3 b6 19. g3 Qc7 20. Bg2 Bd5 21. c4 Bxg2 22. Kxg2 h5 23. d5 Nh7 24. Rc1 Qd6 25. Qe5 Qxe5 26. Rxe5 c5 27. Rce1 Kf8 28.
R5e2 Nf6 29. Nd3 Ne4 30. Ne5 Rc7 31. f3 Nd6 32. Nc6 Re8 33. Rxe8+ Nxe8 34. Kf2 Nd6 35. Ke3 a5 36. Kd3 Nc8 37.
Kc3 Na7 38. Nxa7 Rxa7 39. f4 Ra8 40. Re2 Re8 41. Rxe8+ Kxe8 42. Kb2 Kd7 43. Ka3 Kc7 44. Ka4 Kb7 45. Kb5 f6 46. h4 Kc7 47.
d6+ 1-0

[Event "NJSK 2024 B"]
[Site "Groningen, Netherlands"]
[Date "2024.05.01"]
[Round "5.5"]
[White "Krylov, Philippe"]
[Black "Kazarjan, Gachatur"]
[Result "0-1"]
[TimeControl "90min/40moves + 30min + 30sec/move"]
[WhiteElo "2007"]
[BlackElo "2203"]

1. c4 f5 2. g3 e6 3. Bg2 Nf6 4. Nf3 Be7 5. d4 O-O 6. d5 d6 7. dxe6 Nc6 8. Nc3 Bxe6 9. Nd5 Ne5 10.
Nd4 Bc8 11. O-O c6 12. Ne3 Nfg4 13. Qc2 Nxe3 14. Bxe3 Qe8 15. Rad1 Qf7 16. b3 Bd7 17. Nf3 Ng6 18. Bc5 Qe6 19.
Qd2 Be8 20. Qe3 Ne5 21. Bxa7 Bh5 22. a4 f4 23. gxf4 Nxf3+ 24. Bxf3 Qg6+ 25. Kh1 Bxf3+ 26. exf3 Rae8 27. Rg1 Qh5 28. Bd4 Bf6 29. Bxf6 Rxf6 30. Rg5 Rxe3 31. Rxh5 Rxf3 32.
b4 R3xf4 33. Rc1 Rxf2 34. a5 Ra2 35. Rd1 Rf4 36. Rc1 Ra4 37. Rd1 Rxc4 38. Rxd6 Ra2 39. Rd1 Rxb4 40. Rf5 h6 41.
Rc5 Rh4 0-1

[Event "NJSK 2024 B"]
[Site "Groningen, Netherlands"]
[Date "2024.05.01"]
[Round "5.6"]
[White "Kshirsagar, Pranav"]
[Black "Roolvink, William"]
[Result "1-0"]
[TimeControl "90min/40moves + 30min + 30sec/move"]
[WhiteElo "1957"]
[BlackElo "1966"]

1. e4 c6 2. Nf3 d5 3. Nc3 dxe4 4. Nxe4 Nf6 5. Qe2 Nxe4 6. Qxe4 Nd7 7. Bc4 Nf6 8. Ne5 e6 9. Qe2 b5 10.
Bb3 Qc7 11. d4 Bd6 12. Bf4 O-O 13. O-O a5 14. c3 c5 15. dxc5 Qxc5 16. Rfd1 Rd8 17. Bg5 Be7 18. Bxf6 Rxd1+ 19. Rxd1 Bxf6 20. Qf3 Ra7 21. Ng4 Be7 22. Bc2 f5 23. Ne3 Bd6 24. h4 Bb7 25. Qh5 Ra8 26. Bb3 g6 27. Bxe6+ Kh8 28.
Qg5 Qe5 29. Rxd6 Re8 30. Rb6 Rxe6 31. Rxb7 Re8 32. Qh6 1-0

[Event "NJSK 2024 B"]
[Site "Groningen, Netherlands"]
[Date "2024.05.01"]
[Round "5.7"]
[White "Fallaux, Storm"]
[Black "Lopes, Samuel"]
[Result "0-1"]
[TimeControl "90min/40moves + 30min + 30sec/move"]
[WhiteElo "1905"]
[BlackElo "1906"]

1. e4 c5 2. Nf3 Nc6 3. d4 cxd4 4. Nxd4 Nf6 5. Nc3 e5 6. Ndb5 d6 7. Bg5 a6 8. Na3 b5 9. Nd5 Be7 10.
Bxf6 Bxf6 11. c4 b4 12. Nc2 O-O 13. g3 a5 14. h4 g6 15. Bh3 Be6 16. Kf1 Bg7 17. h5 Ra7 18. hxg6 hxg6 19.
Kg2 Rb7 20. b3 Nb8 21. Qe2 Na6 22. Raf1 Nc5 23. Ne1 Qd7 24. Nd3 Bxh3+ 25. Rxh3 Ne6 26. Qe3 f5 27. exf5 Rxf5 28. f4 Nc7 29.
Qe4 Ne6 30. Rhh1 exf4 31. N5xf4 Ng5 32. Qe3 Qc6+ 33. Kh2 Bd4 34. Qxd4 Rh7+ 35. Kg1 Rxh1+ 36. Kf2 Qf3+ 0-1

[Event "NJSK 2024 B"]
[Site "Groningen, Netherlands"]
[Date "2024.05.01"]
[Round "5.8"]
[White "Heus, Daan"]
[Black "Ponomarev, Ivan"]
[Result "0-1"]
[TimeControl "90min/40moves + 30min + 30sec/move"]
[WhiteElo "1921"]
[BlackElo "1924"]

1. c4 e6 2. d4 d5 3. Nf3 Nf6 4. g3 Be7 5. Bg2 O-O 6. O-O c5 7. cxd5 Nxd5 8. e4 Nb6 9. b3 cxd4 10.
Bb2 Nc6 11. e5 f6 12. Nxd4 Nxe5 13. Qe2 Bc5 14. Rd1 Qe7 15. Nc3 Bxd4 16. Rxd4 Nc6 17. Bxc6 bxc6 18. Rad1 Re8 19. Qd3 Nd5 20.
Rh4 g6 21. Qf3 Rf8 22. Ra4 Rf7 23. Re1 Bd7 24. Rd4 Qd8 25. Rc4 Qa5 26. Ra4 Qb6 27. h4 Rd8 28. Nxd5 cxd5 29. Bd4 Qb8 30.
Bxa7 Qb7 31. Rg4 Qxa7 32. h5 g5 33. Rb4 Qxa2 34. h6 Qd2 0-1

[Event "NJSK 2024 B"]
[Site "Groningen, Netherlands"]
[Date "2024.05.02"]
[Round "6.1"]
[White "Madularea, David"]
[Black "Smeets, Kobe"]
[Result "0-1"]
[TimeControl "90min/40moves + 30min + 30sec/move"]
[WhiteElo "2022"]
[BlackElo "2274"]

1. e4 c5 2. Nf3 e6 3. d4 cxd4 4. Nxd4 Nc6 5. Be2 Nf6 6. Nc3 Qc7 7. Ndb5 Qb8 8. f4 a6 9. e5 axb5 10.
exf6 b4 11. fxg7 Bxg7 12. Nb5 d5 13. O-O O-O 14. Kh1 f5 15. Rf3 Rf6 16. c3 bxc3 17. bxc3 Rg6 18. Be3 Bd7 19. Rh3 Bf6 20.
c4 Bxa1 21. Qxa1 d4 22. Bh5 Rg7 23. Nxd4 Qd6 24. Nb5 Qb4 25. Be2 Qa4 26. a3 Qc2 27. Qf1 Rf8 28. Bd3 Qb2 29. Rf3 Qf6 30.
Bd2 Rg6 31. Bc3 Qe7 32. Qf2 Rd8 33. Ba1 e5 34. fxe5 Nxe5 35. Qe2 Bc6 36. Rg3 Rxd3 37. Bxe5 Qxe5 38. Qxe5 Rd1+ 39. Qe1 Rxe1# 0-1

[Event "NJSK 2024 B"]
[Site "Groningen, Netherlands"]
[Date "2024.05.02"]
[Round "6.2"]
[White "Arnold, Rhys"]
[Black "Zhu, Chenwu"]
[Result "1-0"]
[TimeControl "90min/40moves + 30min + 30sec/move"]
[WhiteElo "2185"]
[BlackElo "2020"]

1. e4 e5 2. Nf3 Nc6 3. Bb5 a6 4. Ba4 Nf6 5. O-O Be7 6. Re1 b5 7. Bb3 O-O 8. a4 Bb7 9. d3 d6 10.
Bg5 Na5 11. Ba2 c5 12. Nc3 b4 13. Bxf6 Bxf6 14. Nd5 Nc6 15. Qd2 g6 16. c3 a5 17. Nxf6+ Qxf6 18. Rad1 Kg7 19. h3 Rac8 20.
Bd5 Nd8 21. Bxb7 Nxb7 22. Qe3 Nd8 23. d4 bxc3 24. dxe5 dxe5 25. bxc3 Ne6 26. g3 Rfd8 27. Rd5 h5 28. h4 Qe7 29.
Nxe5 Qe8 30. Nc4 Rb8 31. Ra1 Ra8 32. Qf3 Ra7 33. e5 Qc6 34. Qf6+ Kh7 35. Rxd8 Nxd8 36. Qxd8 Rd7 37. Qf6 Qe4 38.
Nd6 1-0

[Event "NJSK 2024 B"]
[Site "Groningen, Netherlands"]
[Date "2024.05.02"]
[Round "6.3"]
[White "Kazarjan, Gachatur"]
[Black "Van Batenburg, Mees"]
[Result "1-0"]
[TimeControl "90min/40moves + 30min + 30sec/move"]
[WhiteElo "2203"]
[BlackElo "2110"]

1. e4 e6 2. d4 d5 3. Nd2 c5 4. Ngf3 Nc6 5. dxc5 Bxc5 6. Bd3 Nf6 7. O-O O-O 8. Qe2 Nb4 9. e5 Nxd3 10.
cxd3 Ne8 11. Nb3 Be7 12. Be3 b6 13. Rac1 Bb7 14. Rc2 Nc7 15. a3 Rc8 16. Nfd4 Qd7 17. f4 f6 18. Qg4 f5 19.
Qg3 Na6 20. Rd2 Nc5 21. Nc1 Ba6 22. Rfd1 Kh8 23. Nce2 Rf7 24. Kh1 Na4 25. Nf3 Qe8 26. Ned4 Bc5 27. Qh3 Re7 28. g4 g6 29.
Rg2 Bxd4 30. Bxd4 Rec7 31. gxf5 Rc1 32. Rdg1 Rxg1+ 33. Nxg1 Nc5 34. fxg6 Rc7 35. Qh4 Bxd3 36. gxh7 Rg7 37.
Rxg7 Kxg7 38. Nf3 Be4 39. Kg2 Qg6+ 40. Kf2 Nd3+ 41. Ke3 Kh8 42. Qf6+ Qg7 43. Ng5 Bxh7 44. Qxg7+ Kxg7 45. Nxh7 1-0

[Event "NJSK 2024 B"]
[Site "Groningen, Netherlands"]
[Date "2024.05.02"]
[Round "6.4"]
[White "Kumar, Prajit Sai"]
[Black "Wink, Luka"]
[Result "0-1"]
[TimeControl "90min/40moves + 30min + 30sec/move"]
[WhiteElo "2211"]
[BlackElo "2082"]

1. e4 c5 2. Nf3 d6 3. d4 cxd4 4. Nxd4 Nf6 5. Nc3 g6 6. Be3 Bg7 7. f3 a6 8. Qd2 h5 9. Bc4 Qc7 10.
Bb3 Nc6 11. O-O-O Bd7 12. Kb1 b5 13. Nxc6 Bxc6 14. Nd5 Nxd5 15. exd5 Bd7 16. Bd4 Bxd4 17. Qxd4 O-O 18. g4 hxg4 19.
fxg4 a5 20. a3 Rac8 21. Rd2 Qc5 22. Qe4 Rb8 23. h4 a4 24. h5 axb3 25. hxg6 Qc4 26. Qxe7 Qf4 27. Qh4 Kg7 28. Rf2 bxc2+ 29. Ka2 Rh8 30. Rxf4 Rxh4 31. Rc1 Kxg6 32. Rxc2 Rxg4 0-1

[Event "NJSK 2024 B"]
[Site "Groningen, Netherlands"]
[Date "2024.05.02"]
[Round "6.5"]
[White "Van Arendonk, Polle"]
[Black "Krylov, Philippe"]
[Result "1-0"]
[TimeControl "90min/40moves + 30min + 30sec/move"]
[WhiteElo "1914"]
[BlackElo "2007"]

1. e4 c6 2. d4 d5 3. Nc3 dxe4 4. Nxe4 Bf5 5. Ng3 Bg6 6. h4 h6 7. Nf3 Nd7 8. h5 Bh7 9. Bd3 Bxd3 10.
Qxd3 e6 11. Bd2 Ngf6 12. O-O-O Be7 13. Ne4 Nxe4 14. Qxe4 Nf6 15. Qe2 Qd5 16. c4 Qe4 17. Qxe4 Nxe4 18. Be3 f5 19. Rhe1 O-O 20.
Kc2 Bf6 21. Nd2 Nxd2 22. Rxd2 Rfd8 23. a4 Kf7 24. b3 Be7 25. Red1 Bd6 26. f3 a6 27. g4 b5 28. gxf5 exf5 29.
d5 Bb4 30. Rd3 bxc4 31. bxc4 cxd5 32. Rxd5 Rxd5 33. Rxd5 Ke6 34. Bd4 Rc8 35. Kd3 Bd6 36. Bxg7 Rg8 37. Bxh6 Rh8 38. Bd2 Rh7 39. h6 Rxh6 40. Ra5 Rh3 41. Rxa6 Kd7 42. Kd4 Rxf3 43. c5 Bc7 44. Kc4 Rf2 45. Bb4 f4 46. Rh6 f3 47. c6+ Ke8 48.
Rf6 Rc2+ 49. Kb5 1-0

[Event "NJSK 2024 B"]
[Site "Groningen, Netherlands"]
[Date "2024.05.02"]
[Round "6.6"]
[White "Ponomarev, Ivan"]
[Black "Kshirsagar, Pranav"]
[Result "0-1"]
[TimeControl "90min/40moves + 30min + 30sec/move"]
[WhiteElo "1924"]
[BlackElo "1957"]

1. c4 e6 2. d4 Nf6 3. Nf3 d5 4. g3 Bb4+ 5. Bd2 Bxd2+ 6. Nbxd2 O-O 7. Bg2 Nbd7 8. O-O c5 9. e3 b6 10.
Rc1 Bb7 11. Re1 Qe7 12. Nb3 Rac8 13. dxc5 dxc4 14. Rxc4 Bd5 15. Rc1 Nxc5 16. Nxc5 Rxc5 17. Rxc5 Qxc5 18. a3 Rc8 19. Qd4 Bxf3 20.
Qxc5 Rxc5 21. Bxf3 Kf8 22. Re2 Rc1+ 23. Kg2 Ke7 24. Rd2 Nd7 25. h4 Kd8 26. Be2 Kc7 27. Bb5 Nb8 28. Be8 f6 29.
Kf3 Kc8 30. h5 Rc7 31. Bb5 Re7 32. Bd3 h6 33. b4 a6 34. Rc2+ Rc7 35. Ke4 Rxc2 36. Bxc2 Kc7 37. Bb3 Kd6 38.
g4 Nd7 39. f4 a5 40. Kd4 axb4 41. axb4 Nb8 42. Kc4 Nc6 43. Kb5 e5 44. f5 Kc7 45. Ba2 e4 46. Bc4 Ne5 47. Be2 Nf3 48.
Kc4 Kc6 49. Bd1 Ne5+ 50. Kd4 Nd3 51. Kc3 Kb5 52. Be2 Ka4 53. Kd4 Kxb4 54. Kxe4 Nc1 55. Bd1 Kc4 56. Kf4 b5 57. e4 Kd4 58.
Bc2 b4 59. e5 fxe5 60. Kf3 Nd3 61. Bxd3 Kxd3 62. g5 e4 63. Kg2 hxg5 64. h6 gxh6 65. f6 e3 66. f7 e2 67. f8=Q e1=Q 68. Qd6+ Kc2 69. Qc6+ Qc3 70.
Qg6+ Kb2 71. Qxh6 Qd2 72. Kg3 b3 73. Qg6 Kc1 74. Qc6+ Kb1 75. Qe4+ Qc2 76. Qe1+ Qc1 77. Qe4+ Qc2 78.
Qe1+ Kb2 79. Kg4 Qc4+ 80. Kf5 Ka2 81. Qa5+ Kb1 82. Qe1+ Qc1 0-1

[Event "NJSK 2024 B"]
[Site "Groningen, Netherlands"]
[Date "2024.05.02"]
[Round "6.7"]
[White "Roolvink, William"]
[Black "Lopes, Samuel"]
[Result "1/2-1/2"]
[TimeControl "90min/40moves + 30min + 30sec/move"]
[WhiteElo "1966"]
[BlackElo "1906"]

1. e4 c5 2. Nc3 Nc6 3. Bb5 Nd4 4. Nf3 a6 5. Bd3 Nc6 6. O-O d6 7. b3 g6 8. Bb2 Bg7 9. Na4 e5 10. c4 Nge7 11. Ne1 O-O 12. Be2 f5 13. Nc3 Nd4 14.
exf5 Nxe2+ 15. Qxe2 Nxf5 16. Nc2 Nd4 17. Qd1 Bf5 18. d3 Nxc2 19. Qxc2 Qd7 20. a4 Rae8 21. Rfe1 Rf7 22. a5 Ref8 23.
f3 Bh6 24. Ne4 Bf4 25. Bc1 Bxe4 26. dxe4 Qe7 27. Bxf4 Rxf4 28. Rad1 Qg5 29. Qd2 R8f6 30. Kh1 Qh5 31. Rf1 Rh4 32.
h3 Kg7 33. Kg1 Qh6 34. Qxh6+ Rxh6 35. Rd5 g5 36. Rb1 Rf7 37. Rbd1 Rff6 38. Kf2 Rhg6 39.
Ke3 h5 40. Rb1 g4 41. hxg4 hxg4 42. Kf2 Rf7 43. Rbd1 Rff6 44. R5d3 1/2-1/2

[Event "NJSK 2024 B"]
[Site "Groningen, Netherlands"]
[Date "2024.05.02"]
[Round "6.8"]
[White "Heus, Daan"]
[Black "Fallaux, Storm"]
[Result "1-0"]
[TimeControl "90min/40moves + 30min + 30sec/move"]
[WhiteElo "1921"]
[BlackElo "1905"]

1. c4 Nf6 2. d4 g6 3. Nc3 Bg7 4. e4 d6 5. Nf3 O-O 6. Be2 e5 7. h3 Nc6 8. d5 Ne7 9. Bg5 h6 10.
Be3 Nh5 11. c5 f5 12. cxd6 cxd6 13. Qb3 fxe4 14. Nxe4 Nf4 15. Bxf4 Rxf4 16. Nfd2 Nf5 17. g3 Nd4 18. Qd3 Rf7 19.
Nc4 Bf8 20. Rc1 Bf5 21. Bg4 Rc8 22. O-O Bxg4 23. hxg4 Rf3 24. Qd1 b5 25. Rc3 Rxc3 26. bxc3 Rxc4 27. cxd4 Rxd4 28. Qf3 Kg7 29. Rc1 Be7 30. Rc6 Qd7 31. Nc3 b4 32. Nb5 Qxg4 33.
Nxd4 Qxd4 34. Rc7 1-0

[Event "NJSK 2024 B"]
[Site "Groningen, Netherlands"]
[Date "2024.05.03"]
[Round "7.1"]
[White "Smeets, Kobe"]
[Black "Van Arendonk, Polle"]
[Result "1-0"]
[TimeControl "90min/40moves + 30min + 30sec/move"]
[WhiteElo "2274"]
[BlackElo "1914"]

1. e4 e6 2. d4 d5 3. Nd2 c5 4.
exd5 exd5 5. Ngf3 Nc6 6. Bb5 Bd6 7. O-O Nge7 8. dxc5 Bxc5 9. Nb3 Bd6 10. h3 O-O 11. Re1 Qc7 12. c3 Bd7 13.
a4 Rfe8 14. Bd3 h6 15. Nbd4 a6 16. Bc2 Nxd4 17. Nxd4 Nc6 18. Be3 Nxd4 19. Qxd4 Re5 20. Red1 Rh5 21. Qd3 Bf5 22. Qe2 Bxc2 23.
Qxh5 Bxd1 24. Rxd1 Rd8 25. Rxd5 Bh2+ 26. Kh1 Rxd5 27. Qxd5 Be5 28. Bc5 h5 29. g3 g6 30. Kg2 Kg7 31.
Qxe5+ Qxe5 32. Bd4 Kf6 33. Bxe5+ Kxe5 34. Kf3 b6 35. Ke3 f6 36. f4+ Kf5 37. b4 g5 38. fxg5 fxg5 39. Kd4 h4 40.
gxh4 gxh4 41. c4 Ke6 42. c5 bxc5+ 43. Kxc5 Kf5 44. b5 axb5 45. axb5 1-0

[Event "NJSK 2024 B"]
[Site "Groningen, Netherlands"]
[Date "2024.05.03"]
[Round "7.2"]
[White "Arnold, Rhys"]
[Black "Madularea, David"]
[Result "1/2-1/2"]
[TimeControl "90min/40moves + 30min + 30sec/move"]
[WhiteElo "2185"]
[BlackElo "2022"]

1. e4 c5 2. Nf3 d6 3. Bb5+ Bd7 4. Bxd7+ Qxd7 5. c4 e5 6. Nc3 Nc6 7. O-O g6 8. a3 Bg7 9. b4 b6 10. d3 Nge7 11. b5 Nd4 12. a4 h6 13. a5 O-O 14.
Nxd4 cxd4 15. Ne2 f5 16. f3 fxe4 17. fxe4 Rxf1+ 18. Qxf1 Rf8 19. Qe1 Nc8 20. axb6 axb6 21. Qg3 Kh7 22.
Ba3 1/2-1/2

[Event "NJSK 2024 B"]
[Site "Groningen, Netherlands"]
[Date "2024.05.03"]
[Round "7.3"]
[White "Wink, Luka"]
[Black "Kazarjan, Gachatur"]
[Result "0-1"]
[TimeControl "90min/40moves + 30min + 30sec/move"]
[WhiteElo "2082"]
[BlackElo "2203"]

1. e4 c5 2. Nf3 d6 3. d4 cxd4 4. Nxd4 Nf6 5. Nc3 g6 6. Be3 Nc6 7. f3 h5 8. Be2 e5 9. Nb3 Be6 10.
Qd2 a6 11. O-O-O Rc8 12. Kb1 b5 13. Bg5 Be7 14. h4 Qc7 15. Bxf6 Bxf6 16. Bxb5 axb5 17. Nxb5 Qb8 18. Nxd6+ Ke7 19.
Nxc8+ Rxc8 20. Qe3 Nb4 21. Rd2 Qc7 22. Rc1 Bxh4 23. a3 Na6 24. Rcd1 Kf6 25. Qd3 Nc5 26. Nxc5 Qxc5 27. Qd6 Qc4 28.
b3 Qc3 29. f4 Bg3 30. Qxe5+ Qxe5 31. fxe5+ Kxe5 32. c4 Rb8 33. Kc2 g5 34. Kc3 g4 35. b4 h4 36. c5 Ra8 37. Ra1 Kxe4 38. Re2+ Kd5 39. Rd1+ Kc6 40. Rxe6+ fxe6 41. Kc4 Rxa3 42.
b5+ Kc7 43. Kb4 Ra2 0-1